 Dungeon Crawl Stone Soup version 0.31.0-32-g396128a36d (webtiles) character file.

Game seed: 16529670090680079999

159 tizbic2 the Caller (level 4, 0/35 HPs)
             Began as a Demigod Summoner on Mar 25, 2024.
             Slain by Duvessa
             ... wielding a +0 short sword
              (9 damage)
             ... on level 4 of the Dungeon.
             The game lasted 00:13:21 (2273 turns).

tizbic2 the Caller (Demigod Summoner)               Turns: 2273, Time: 00:13:22

Health: 0/35       AC:  8    Str:  9    XL:     4   Next: 95%
Magic:  7/11       EV: 10    Int: 21    God:
Gold:   158        SH:  0    Dex: 14    Spells: 5/8 levels left

rFire   . . .        j - +0 spear
rCold   . . .        (no shield)
rNeg    . . .        p - +0 ring mail of the Armoured One {rPois}
rPois   +            c - +2 helmet
rElec   .            (no cloak)
rCorr   .            (no gloves)
SInv    .            (no boots)
Will    .....        (no amulet)
Stlth   +            e - ring of flight
HPRegen 0.25/turn    (no ring)
MPRegen 0.12/turn

%: no passive effects
@: lit by a corona, flying, glowing
A: high MP 1, forlorn, divine attributes
a: no special abilities


You were on level 4 of the Dungeon.
You visited 1 branch of the dungeon, and saw 4 of its levels.

You collected 158 gold pieces.

Inventory:

Hand Weapons
 j - a +0 spear (weapon)
Missiles
 f - 6 boomerangs
Armour
 a - a +0 robe
 c - a +2 helmet (worn)
 p - the +0 ring mail of the Armoured One (worn) {rPois}
   (You found it on level 2 of the Dungeon)

   rPois:     It protects you from poison
Jewellery
 e - a ring of flight (left hand)
Wands
 q - a wand of flame (28)
Scrolls
 h - 2 scrolls of identify {unknown}
 i - a scroll of revelation
 k - 2 scrolls of blinking
 m - 2 scrolls of fog {unknown}
 n - a scroll of immolation
 o - a scroll of poison {unknown}
 s - a scroll of amnesia {unknown}
Potions
 b - a potion of magic
 d - a potion of might {unknown}
 g - a potion of enlightenment {unknown}
 l - 2 potions of curing {unknown}
 r - 2 potions of lignification {unknown}


   Skills:
 + Level 1.3 Fighting
 - Level 1.0 Maces & Flails
 - Level 0.8 Armour
 - Level 2.0 Dodging
 - Level 2.1 Stealth
 + Level 2.8 Spellcasting
 * Level 4.4 Summonings


You had 5 spell levels left.
You knew the following spells:

 Your Spells              Type           Power      Damage    Failure   Level
a - Summon Small Mammal   Summ           84%        N/A       6%          1
b - Call Imp              Summ           42%        N/A       9%          2

Your spell library contained the following spells:

 Spells                   Type           Power      Damage    Failure   Level
 Call Canine Familiar     Summ           21%        N/A       19%         3
 Ensorcelled Hibernation  Hex/Ice        4%         N/A       50%         2
 Inner Flame              Hex/Fire       2%         N/A       75%         3
 Passwall                 Erth           2%         N/A       75%         3
 Swiftness                Air            2%         N/A       75%         3
 Summon Blazeheart Golem  Fire/Summ      12%        N/A       83%         4
 Summon Lightning Spire   Summ/Air       12%        N/A       83%         4
 Irradiate                Conj/Alch      1%         3d12      100%        5
 Ignition                 Fire           1%         3d3       100%        8


Dungeon Overview and Level Annotations

Branches:
Dungeon (4/15)
 Temple: D:4-7

Shops:
D:2 :   D:3 (

Annotations:
D:4 Dowan, Duvessa


Innate Abilities, Weirdness & Mutations

You have an increased reservoir of magic. (+10% MP)
You shall have no god before yourself.
Your divine heritage dramatically boosts your attributes as you level up.


Message History

You hit Duvessa but do no damage.
Duvessa is lightly wounded.
Duvessa misses you.
Your cerulean imp completely misses Duvessa.
Your quokka bites Duvessa but does no damage.
Duvessa hits you with a +0 short sword.
The endoplasm hits you but does no damage.
You hit Duvessa but do no damage.
Duvessa is lightly wounded.
Duvessa hits you but does no damage.
Your quokka closely misses Duvessa.
Your cerulean imp closely misses Duvessa.
Your quokka bites the endoplasm.
The endoplasm closely misses your quokka.
Duvessa barely misses you.
You hit Duvessa but do no damage.
Duvessa is lightly wounded.
Your quokka closely misses Duvessa.
Duvessa gestures with her weapon.
Duvessa barely misses you.
Your quokka bites the endoplasm.
Your cerulean imp hits Duvessa but does no damage.
The endoplasm freezes your quokka.
Your quokka is frozen.
Dowan hits you with a +0 dagger of speed.
Your quokka bites Duvessa but does no damage.
You hit Duvessa but do no damage.
Duvessa is lightly wounded.
Your cerulean imp disappears in a puff of smoke!
Duvessa hits you but does no damage.
Your quokka bites the endoplasm.
The endoplasm dies!
Dowan gestures at you while chanting.
You are outlined in light.
Duvessa hits you with a +0 short sword.
Your quokka barely misses Duvessa. x2; Dowan barely misses you.
Casting: Call Imp (safe; 9% risk of failure)
Press: ? - help, Q - select action, (/) - cycle Dir - look around, f - activate A tiny devil pulls itself out of the air.
Duvessa hits you with a +0 short sword!
* * * LOW HITPOINT WARNING * * *
Your quokka barely misses Duvessa.
Your quokka bites Duvessa.
Dowan closely misses you. Duvessa hits you with a +0 short sword!
You die...

.............
#####..........
##+###...+........<.
....#....#......###'
...+....#......#...
#..#....#......#...
#r.#....#......#...
#.e#....'......#..<
#r@##...#......#...
...##e§##...#......#...
#......5.#...#......#...
#........'...#......+...
###.##.#####+#......#...
#. #. #.....$#... # ..
......#### ... ....


You could see Duvessa (fast, ally target), Dowan (ally target), a friendly
cerulean imp (summoned) and 2 friendly quokkas.

Vanquished Creatures
  2 adders (D:2)
  A dart slug (D:3)
  4 bats
  An endoplasm (D:1)
  2 giant cockroaches
  7 goblins
  A kobold (D:1)
  A quokka (D:3)
  A ball python (D:1)
  2 rats (D:3)
22 creatures vanquished.

Vanquished Creatures (collateral kills)
  A bombardier beetle (D:3)
  Robin (D:2)
  3 adders
  A ribbon worm (D:2)
  An orc (D:3)
  3 bats
  4 endoplasms
  7 goblins
  3 hobgoblins
  3 jackals (D:2)
  A quokka (D:3)
  A ball python (D:2)
  4 rats (D:1)
33 creatures vanquished.

Grand Total: 55 creatures vanquished

Notes
Turn   | Place    | Note
-------+----------+-------------------------------------------
     0 | D:1      | tizbic2 the Demigod Summoner began the quest for the Orb.
     0 | D:1      | Reached XP level 1. HP: 14/14 MP: 5/5
   314 | D:1      | Reached XP level 2. HP: 20/20 MP: 5/7
   972 | D:2      | Noticed Robin
   986 | D:2      | Reached XP level 3. HP: 19/26 MP: 3/8
  1019 | D:2      | Killed Robin
  1020 | D:2      | Reached skill level 4 in Summonings
  1100 | D:2      | Learned a level 2 spell: Call Imp
  1187 | D:2      | Identified the +0 ring mail of the Armoured One {rPois}
  1302 | D:2      | Reached skill level 1 in Maces & Flails
  1304 | D:2      | Reached XP level 4. HP: 12/34 MP: 4/10
  1477 | D:2      | Found Beasa's Book Emporium.
  1639 | D:3      | Reached skill level 1 in Fighting
  1797 | D:3      | Found Faymm's Antique Weapon Shoppe.
  2260 | D:4      | Noticed Dowan
  2261 | D:4      | Noticed Duvessa
  2273 | D:4      | Slain by Duvessa

Illustrated notes

Levels and vault maps discovered:
D:1:      elethiomel_arrival_diamonds, layout_basic,
          hellmonk_ecumenical_altar_lost_god
D:2:      layout_rooms, serial_shops, nicolae_shop_statue_plus,
          chequers_serial_rivers_micro_b, hex_medium,
          chequers_serial_rivers_room_b, kennysheep_potato, uniq_robin
D:3:      layout_basic, marbit_many_paths, serial_shops, shop
D:4:      minmay_thinvault, layout_gridville, fountainhead,
          nicolae_shop_gadgets, uniq_duvessa

Skill      XL: |  1  2  3  4 |
---------------+-------------+-----
Stealth        | 2 |  2.1
Dodging        | 2 |  2.0
Spellcasting   | 2 |  2.8
Summonings     | 4 |  4.4
Maces & Flails | 1 |  1.0
Fighting       | 1 |  1.3
Armour         | |  0.8

Action                     |  1- 3 |  4- 6 || total
---------------------------+-------+-------++-------
  Melee: Unarmed           |    40 |       ||    40
         Spear             |    59 |    51 ||   110
   Cast: Summon Small Mamm |    31 |     3 ||    34
         Call Imp          |     2 |    10 ||    12
    Use: Scroll            |     3 |     1 ||     4
   Stab: Sleeping          |       |     3 ||     3
 Armour: Robe              |    23 |       ||    23
         Ring mail         |    66 |    43 ||   109
  Dodge: Dodged            |    75 |    34 ||   109
